 Dungeon Crawl Stone Soup version 0.30.0-29-ga12c61a403 (webtiles) character file.

Game seed: 5363237885817731159

43804 Fecro the Unseen (level 13, -4/65 HPs)
             Began as a Spriggan Brigand on June 14, 2023.
             Was a High Priest of Yredelemnul.
             Killed from afar by a tengu reaver (46 damage)
             ... with a bolt of fire
             ... on level 14 of the Dungeon on June 16, 2023.
             The game lasted 03:21:54 (26325 turns).

Fecro the Unseen (Spriggan Brigand)                Turns: 26325, Time: 03:21:57

Health: -4/65      AC:  5    Str:  3    XL:     13   Next: 92%
Magic:  0/14       EV: 29    Int: 14    God:    Yredelemnul [*****.]
Gold:   1031       SH:  0    Dex: 29    Spells: 12/12 levels left

rFire   x . .        p - +0 hand crossbow
rCold   + . .        (no shield)
rNeg    + . .        b - +2 robe "Rajyack" {Str-4 Dex+9 SInv}
rPois   .            (helmet restricted)
rElec   .            c - +0 cloak
rCorr   .            (gloves unavailable)
SInv    +            (boots unavailable)
Will    ++...        y - amulet of guardian spirit
Stlth   +++++++      M - ring of ice
HPRegen 0.30/turn    D - ring of positive energy
MPRegen 0.14/turn

%: guardian spirit
@: very quick
A: very small, no large weapons, unfitting armour, see invisible, speed 3
a: Renounce Religion, Recall Undead Harvest, Dark Bargain, Drain Life, Bind Soul


You were on level 14 of the Dungeon.
You worshipped Yredelemnul.
Yredelemnul was noncommittal.
You visited 4 branches of the dungeon, and saw 17 of its levels.
You also visited: Gauntlet.

You collected 1260 gold pieces.
You spent 229 gold pieces at shops.

Inventory:

Hand Weapons
 a - a +2 dagger of freezing
 p - a +0 hand crossbow (weapon)
Missiles
 d - 56 poisoned darts
 i - 5 atropa-tipped darts
 L - 45 stones
 N - 3 curare-tipped darts
Armour
 b - the +2 robe "Rajyack" (worn) {Str-4 Dex+9 SInv}
   (You found it on level 6 of the Dungeon)

   Str:       It affects your strength (-4).
   Dex:       It affects your dexterity (+9).
   SInv:      It lets you see invisible.
 c - a +0 cloak (worn)
Jewellery
 e - a ring of fire
 m - a ring of ice
 y - an amulet of guardian spirit (around neck)
 D - a ring of positive energy (right hand)
 M - a ring of ice (left hand)
Wands
 r - a wand of flame (20)
 S - a wand of digging (19)
Scrolls
 f - 3 scrolls of identify
 g - 3 scrolls of vulnerability
 l - 7 scrolls of magic mapping
 n - a scroll of immolation {unknown}
 q - a scroll of fear {unknown}
 s - 2 scrolls of fog
 u - 3 scrolls of teleportation
 w - 2 scrolls of enchant armour {unknown}
 B - 2 scrolls of noise {unknown}
 C - 3 scrolls of amnesia {unknown}
 F - 3 scrolls of silence {unknown}
 G - a scroll of summoning
 O - 4 scrolls of blinking
 P - 2 scrolls of acquirement {unknown}
 R - a scroll of torment {unknown}
Potions
 h - 2 potions of curing
 j - 2 potions of haste
 k - 4 potions of brilliance
 o - 3 potions of might
 t - a potion of berserk rage
 v - a potion of flight
 z - a potion of resistance
 A - 2 potions of lignification
 E - 3 potions of cancellation
 H - 4 potions of attraction
 Q - a potion of mutation
 U - 2 potions of magic
Miscellaneous
 x - a phantom mirror


   Skills:
 + Level 6.3 Fighting
 + Level 8.6 Short Blades
 + Level 12.2 Ranged Weapons
 + Level 12.7 Throwing
 + Level 9.7 Dodging
 + Level 16.1 Stealth
 + Level 1.2 Shields
 + Level 1.2 Invocations
 + Level 7.8 Evocations


You had 12 spell levels left.
You didn't know any spells.
Your spell library contained the following spells:

 Spells                   Type           Power      Damage    Failure   Level
 Sublimation of Blood     Necr           0%         N/A       41%         2
 Hailstorm                Conj/Ice       0%         3d3       65%         3
 Ice Form                 Ice/Tmut       0%         N/A       96%         4
 Leda's Liquefaction      Hex/Erth       0%         N/A       96%         4
 Manifold Assault         Tloc           0%         N/A       96%         4
 Petrify                  Tmut/Erth      0%         N/A       96%         4
 Irradiate                Conj/Tmut      0%         3d11      100%        5
 Lee's Rapid Deconstruct  Erth           0%         3d4*      100%        5
 Dispersal                Tloc           0%         N/A       100%        6
 Statue Form              Tmut/Erth      0%         N/A       100%        6
 Disjunction              Tloc           0%         N/A       100%        8
 Simulacrum               Ice/Necr       Unusable   N/A       N/A         6

Dungeon Overview and Level Annotations

Branches:
Dungeon (14/15)            Temple (1/1) D:6            Lair (1/5) D:10
    Orc (1/2) D:9          Vaults (0/5) D:14        Gauntlet (visited)

Altars:
Ashenzari
Cheibriados
Dithmenos
Elyvilon
Fedhas
Gozag
Hepliaklqana
Kikubaaqudgha
Makhleb
Nemelex Xobeh
Okawaru
Qazlal
Ru
Sif Muna
Trog
Uskayaw
Vehumet
Wu Jian
Xom
Yredelemnul
Zin
The Shining One

Shops:
D:5 (   D:6 [   D:9 (   D:10 ?[[

Portals:
Trove: D:10 (give 7 potions of haste)

Annotations:
D:5 Edmund
D:12 1 runed translucent door, javelincjr's ghost, journeyman DjCj


Innate Abilities, Weirdness & Mutations

You are very small and have problems with some larger weapons.
You are too small for most types of armour.
You have supernaturally acute eyesight. (SInv)
You cover ground extremely quickly. (Speed+++)


Message History

You start resting.
Magic restored.
You start resting.
HP restored.
You swap places.
Fire: p) +0 hand crossbow
Press: ? - help, Q - select action, (/) - cycle Shift-Dir - straight line, f - tengu reaver
Aim: a tengu reaver, wielding a +3 battleaxe of venom and wearing a +3 scale mail of poison resistance (wandering, hasn't noticed you, 60% to hit)
You shoot a bolt. The tengu reaver shouts!
The bolt hits the tengu reaver!
The tengu reaver is lightly wounded.
You hear a shout!
Fire: p) +0 hand crossbow
Press: ? - help, Q - select action, (/) - cycle Shift-Dir - straight line, f/p - tengu reaver
Aim: a tengu reaver, wielding a +3 battleaxe of venom and wearing a +3 scale mail of poison resistance (lightly wounded, ally target, 60% to hit)
You shoot a bolt. The bolt hits the tengu reaver!!
The tengu reaver is moderately wounded.
The tengu reaver points at you and mumbles some strange words.
The bolt of lightning hits you!!!
You swap places.
A tengu reaver is nearby!
You feel better.
The tengu reaver gestures at you while chanting.
The bolt of acid hits your ugly thing zombie!!!
The bolt of acid hits your ugly thing zombie!
The acid corrodes your ugly thing zombie!
The tengu reaver hits your ugly thing zombie with a +3 battleaxe of venom!
The tengu reaver pecks your ugly thing zombie.
The tengu reaver claws your ugly thing zombie!
Your ugly thing zombie hits the tengu reaver!
The tengu reaver casts a spell at you.
The bolt of fire hits your very ugly thing zombie!!!
The bolt of fire hits your ugly thing zombie!!
Your ugly thing zombie is destroyed!
The bolt of fire hits your boulder beetle zombie!!
The bolt of fire hits you!!! The fire burns you terribly!
Ouch! That really hurt!
You die...
Your body rises from the dead as a mindless zombie.

...................#...(.').'....
...................#.....'°.'....
..........).##############..#####
....##......##.......)...........
....##......##...................
.....#...))........#######Z.#####
.....#.............#.....'..'....
.....#......##....##.....'..'....
######......##..@.##.....#Z.#....
#......##....##.....#..#....
#########....##.....#..#....
#..Z..'#######..#####
##...####'####.......
#ZZ..#..........#####
########Q...#........Z.#....
..<.....#...#..........#..Z.
........#...#..........'....


You could see a tengu reaver (ally target), a friendly boulder beetle zombie, a
friendly ugly thing zombie and a friendly very ugly thing zombie.

Vanquished Creatures
  An ironbound preserver (D:13)
  A very ugly thing (D:14)
  A yaktaur captain (D:14)
  A fire dragon (D:14)
  Harold (D:9)
  4 hydras
  3 two-headed ogres
  A death knight (D:13)
  4 centaur warriors
  7 boulder beetles
  A fire crab (shapeshifter) (D:12)
  Amaemon (D:9)
  3 skeletal warriors (D:13)
  A phantasmal warrior (D:13)
  An orc knight (D:13)
  A wolf spider (D:14)
  An orc sorcerer (D:13)
  8 ugly things
  A manticore (D:14)
  3 cyclopes
  An orange demon (D:9)
  A gargoyle (D:11)
  Maggie (D:7)
  A cane toad (Lair:1)
  4 unseen horrors
  An efreet (D:14)
  2 komodo dragons
  A tengu conjurer (D:13)
  4 trolls
  A polar bear (Lair:1)
  A meliai (D:13)
  9 slime creatures
  A shadow (D:13)
  4 wraiths
  A wyvern (Lair:1)
  A vampire (D:13)
  7 yaks
  A slime creature zombie (D:12)
  2 steam dragons
  A basilisk (D:12)
  A redback (shapeshifter) (D:14)
  6 vampire mosquitoes
  Grum (D:9)
  3 acid dragons
  A floating eye (shapeshifter) (D:13)
  3 water moccasins
  3 ice beasts
  12 orc warriors
  A black bear (D:5)
  3 sky beasts (D:7)
  4 ogres
  4 wolves
  5 centaurs
  A phantom (D:7)
  4 kobold brigands
  2 bullfrogs
  A scorpion (D:5)
  A gnoll sergeant (D:8)
  11 wights
  3 killer bees (D:9)
  An electric eel (D:10)
  4 howler monkeys
  6 hounds
  2 jellies
  15 orc priests
  2 iguanas
  5 orc wizards
  4 sleepcaps
  A hell rat (D:10)
  A mummy (D:7)
  14 gnolls
  6 adders
  12 white imps
  3 worms
  2 dart slugs
  39 orcs
  12 bats
  4 endoplasms
  2 giant cockroaches
  6 goblins
  12 hobgoblins
  4 jackals (D:3)
  29 kobolds
  4 quokkas
  7 ball pythons
  5 frilled lizards
  7 rats
369 creatures vanquished.

Vanquished Creatures (collateral kills)
  A centaur warrior (D:14)
  A two-headed ogre (D:10)
  An ugly thing (D:14)
  2 slime creatures (D:13)
  A komodo dragon (Lair:1)
  A troll (D:14)
  2 wraiths
  A wyvern (D:11)
  2 yaks
  A vampire mosquito (D:14)
  A water moccasin (D:9)
  An orc warrior (D:8)
  7 centaurs
  A kobold brigand (D:11)
  A bullfrog (D:9)
  A gnoll sergeant (D:9)
  A howler monkey (D:7)
  An orc priest (D:8)
  A sleepcap (D:9)
  An orc wizard (D:10)
  2 gnolls
  2 white imps (D:12)
  7 orcs
  5 kobolds
45 creatures vanquished.

Vanquished Creatures (others)
  A wolf spider zombie (D:14)
  An ugly thing zombie (D:14)
  An unseen horror zombie (D:10)
  A yaktaur zombie (D:14)
  2 hydra zombies (D:14)
  A boulder beetle zombie (D:14)
  A slime creature zombie (D:13)
  A cane toad zombie (Lair:1)
  A spectral efreet (D:14)
  A wyvern zombie (Lair:1)
  A water moccasin zombie (Lair:1)
  A tengu zombie (D:13)
  4 yak zombies (D:10)
  A troll zombie (D:14)
  10 centaur zombies
  A sky beast zombie (D:7)
  A howler monkey zombie (D:7)
  A steam dragon zombie (D:8)
  5 spectral white imps
  4 gnoll zombies
  4 kobold zombies
  32 orc zombies
76 creatures vanquished.

Grand Total: 490 creatures vanquished

Notes
Turn   | Place    | Note
-------+----------+-------------------------------------------
     0 | D:1      | Fecro the Spriggan Brigand began the quest for the Orb.
     0 | D:1      | Reached XP level 1. HP: 10/10 MP: 2/2
   128 | D:1      | Reached skill level 6 in Stealth
   201 | D:1      | Reached XP level 2. HP: 14/14 MP: 3/3
   332 | D:1      | Reached skill level 7 in Stealth
   728 | D:1      | Reached XP level 3. HP: 18/18 MP: 4/4
  1269 | D:2      | Reached XP level 4. HP: 23/23 MP: 5/5
  2235 | D:3      | You fall into a shaft and drop 3 floors!
  2303 | D:5      | Entered Level 5 of the Dungeon
  2303 | D:5      | Noticed Edmund
  2303 | D:5      | Noticed an ogre
  2361 | D:5      | Found a transporter.
  2366 | D:5      | Found Eqonokka's Weapon Emporium.
  2368 | D:5      | Found a transporter.
  2409 | D:3      | Found a glowing silver altar of Zin.
  2471 | D:3      | Reached skill level 8 in Stealth
  2903 | D:3      | Found a hazy altar of Hepliaklqana.
  2906 | D:3      | Found a sparkling altar of Nemelex Xobeh.
  2909 | D:3      | Found a sacrificial altar of Ru.
  3499 | D:3      | Reached XP level 5. HP: 26/26 MP: 6/6
  4849 | D:4      | Killed an ogre
  4850 | D:4      | Reached skill level 9 in Stealth
  4850 | D:4      | Reached XP level 6. HP: 30/30 MP: 7/7
  5202 | D:5      | Noticed an ice beast
  5219 | D:5      | Reached skill level 10 in Stealth
  5230 | D:5      | Killed an ice beast
  5231 | D:5      | Reached XP level 7. HP: 29/35 MP: 8/8
  5267 | D:5      | Identified the +7 hand axe "Nath" {holy, Dex+6}
  5415 | D:5      | Reached skill level 11 in Stealth
  5721 | D:6      | Found Evorir's Antique Armour Boutique.
  6030 | D:6      | Identified the +2 robe "Rajyack" {Str-4 Dex+9 SInv}
  6121 | D:5      | Reached XP level 8. HP: 39/39 MP: 9/9
  6228 | D:6      | Found a staircase to the Ecumenical Temple.
  6267 | Temple   | Entered the Ecumenical Temple
  6327 | Temple   | Became a worshipper of Yredelemnul the Dark
  6372 | D:6      | Reached skill level 5 in Short Blades
  6627 | D:6      | Reached skill level 5 in Throwing
  7324 | D:7      | Reached skill level 12 in Stealth
  7703 | D:7      | Found a broken altar of Ashenzari.
  8143 | D:7      | Found a snail-covered altar of Cheibriados.
  8250 | D:7      | Reached XP level 9. HP: 42/43 MP: 10/10
  8306 | D:7      | Reached * piety under Yredelemnul
  8404 | D:7      | Reached skill level 1 in Evocations
  8791 | D:7      | Noticed Maggie
  8795 | D:7      | Killed Maggie
  9565 | D:7      | Reached skill level 5 in Dodging
  9906 | D:7      | Reached skill level 13 in Stealth
 10035 | D:8      | Reached skill level 1 in Shields
 10443 | D:9      | Noticed Grum
 10493 | D:9      | Found Jefer's Weapon Shop.
 10493 | D:9      | Found a staircase to the Orcish Mines.
 10543 | D:8      | Reached XP level 10. HP: 23/49 MP: 6/11
 10827 | D:9      | Reached skill level 1 in Ranged Weapons
 10981 | D:9      | Killed Grum
 11081 | D:9      | Reached skill level 5 in Evocations
 11510 | D:9      | Noticed Harold
 11539 | D:9      | Killed Harold
 11748 | Orc:1    | Entered Level 1 of the Orcish Mines
 12155 | D:9      | Found a shadowy altar of Dithmenos.
 12414 | D:9      | Noticed an orange demon
 12731 | D:9      | Killed an orange demon
 12964 | D:9      | Reached ** piety under Yredelemnul
 12981 | D:9      | Noticed Amaemon
 13009 | D:9      | Killed Amaemon
 13100 | D:9      | Found a white marble altar of Elyvilon.
 13250 | D:10     | Entered Level 10 of the Dungeon
 13259 | D:10     | Identified the +1 leather armour of Rorphumon {rF+ Str+4
                  | Dex-4}
 13288 | D:10     | Found a staircase to the Lair.
 13595 | D:10     | Identified the +3 mace "Dragon's Undoing" {spect, rF+}
 13605 | D:10     | Found a portal to a secret trove of treasure.
 13877 | D:10     | Reached XP level 11. HP: 53/53 MP: 12/12
 14091 | D:10     | Reached skill level 10 in Throwing
 14209 | D:10     | Found Tozir's Magic Scroll Shop.
 14210 | D:10     | Found Intewo's Antique Armour Boutique.
 14212 | D:10     | Found Saf Iblo's Armour Shop.
 14326 | D:10     | Bought a scroll of identify for 34 gold pieces
 14326 | D:10     | Bought a scroll of fog for 68 gold pieces
 14326 | D:10     | Bought a scroll of blinking for 127 gold pieces
 14370 | D:10     | Noticed a two-headed ogre
 14397 | D:10     | Killed a two-headed ogre
 14398 | D:10     | Reached skill level 5 in Ranged Weapons
 14652 | Lair:1   | Entered Level 1 of the Lair of Beasts
 15759 | D:11     | Noticed a two-headed ogre
 15769 | D:11     | Killed a two-headed ogre
 15811 | D:11     | Reached *** piety under Yredelemnul
 16133 | D:12     | Noticed a boulder beetle
 16145 | D:12     | Killed a boulder beetle
 16174 | D:12     | Noticed a boulder beetle
 16965 | D:12     | Noticed a boulder beetle
 16974 | D:12     | Noticed a two-headed ogre
 17038 | D:11     | Killed a two-headed ogre
 17039 | D:11     | Reached skill level 14 in Stealth
 17039 | D:11     | Reached XP level 12. HP: 59/59 MP: 13/13
 17235 | D:11     | Killed a boulder beetle
 17467 | D:12     | Killed a boulder beetle
 17468 | D:12     | Reached skill level 5 in Fighting
 18266 | D:12     | Found a runed translucent door.
 18266 | D:12     | Noticed javelincjr's ghost (journeyman DjCj)
 18411 | D:12     | Noticed a boulder beetle
 18457 | D:12     | Killed a boulder beetle
 18711 | D:12     | Found the +3 pair of seven-league boots {Rampage+∞}
 19589 | D:13     | Reached skill level 1 in Invocations
 19695 | D:13     | Noticed a death knight
 19699 | D:13     | Killed a death knight
 20216 | D:13     | Noticed a centaur warrior
 20220 | D:13     | Killed a centaur warrior
 20221 | D:13     | Reached skill level 15 in Stealth
 20801 | D:14     | Noticed a boulder beetle
 20801 | D:14     | Noticed a centaur warrior
 20962 | D:14     | Found a gate leading to a gauntlet.
 20969 | Gauntlet | Entered a Gauntlet
 20969 | Gauntlet | Found a transporter.
 20976 | Gauntlet | Found a transporter.
 20978 | Gauntlet | Found a transporter.
 20990 | Gauntlet | Found a runed translucent gate.
 20990 | Gauntlet | Found a runed translucent gate.
 20990 | Gauntlet | Found a runed translucent gate.
 20993 | Gauntlet | Found a transporter.
 20995 | Gauntlet | Found a transporter.
 21005 | Gauntlet | Found a transporter.
 21021 | Gauntlet | Found a transporter.
 21024 | Gauntlet | Noticed a great orb of eyes
 21031 | Gauntlet | Found a transporter.
 21041 | Gauntlet | Found a transporter.
 21043 | Gauntlet | Noticed a green death
 21046 | Gauntlet | Noticed a hell hog
 21067 | Gauntlet | Found a transporter.
 21068 | Gauntlet | Found a transporter.
 21069 | Gauntlet | Found a transporter.
 21105 | Gauntlet | Found a transporter.
 21241 | Gauntlet | Found a transporter.
 21296 | D:14     | Noticed a seven-headed hydra
 21325 | D:14     | Killed a seven-headed hydra
 21326 | D:14     | Reached XP level 13. HP: 64/64 MP: 14/14
 22437 | D:14     | Noticed an ironbound preserver
 22859 | D:13     | Killed an ironbound preserver
 22860 | D:13     | Reached skill level 10 in Ranged Weapons
 23189 | D:14     | Found a gate to the Vaults.
 23604 | D:14     | Noticed a fire dragon
 23960 | D:14     | Killed a fire dragon
 25112 | D:14     | Noticed a cyan very ugly thing
 25339 | D:14     | Found the +5 glaive of the Guard {elec, spectral, AC+5}
 25346 | D:14     | Reached skill level 16 in Stealth
 25356 | D:14     | Noticed a tengu reaver
 25925 | D:14     | Killed a cyan very ugly thing
 25991 | D:14     | Reached **** piety under Yredelemnul
 26088 | D:14     | Reached ***** piety under Yredelemnul
 26325 | D:14     | Killed from afar by a tengu reaver

Illustrated notes

Levels and vault maps discovered:
D:1:      ebering_trefoil_twist, layout_loops_ring, minmay_misc_feat_alley
D:2:      layout_loops_corners, chequers_serial_rivers_large_b,
          chequers_serial_rivers_room_a, minmay_tetromino_o2
D:3:      layout_basic, lemuel_doored_altar, grunt_temple_overflow_diamond,
          nrook_campfire, hangedman_decor_clover_reticule, minivault_27,
          st_stairs_10, minmay_joined_circles
D:4:      layout_basic, serial_bayou_pond_a
D:5:      layout_rooms, serial_shops, nicolae_shop_drivethru, uniq_edmund
D:6:      layout_basic, minmay_temple_entry_mist, serial_shops,
          nicolae_shop_statue_plus, minmay_misc_feat_five
D:7:      layout_basic, chei_slow_surprise, nicolae_ashenzari_panopticon,
          kennysheep_path_1, minmay_stone_trees_small, minmay_holes, uniq_maggie
D:8:      layout_cave_pools
D:9:      layout_layer_cave, nicolae_overflow_hidden_temple,
          nicolae_dithmenos_the_darkroom, orc_david_3,
          nicolae_concentric_dashed_squares_mild, uniq_harold, uniq_amaemon,
          uniq_grum
D:10:     layout_cave_pools, david_lair_shrubbed, enter_trove_0,
          palyth_stone_intersect, nicolae_wooded_promenade
D:11:     layout_basic
D:12:     layout_roguey [special_room_orc], portal_ice_cave_entry_imps,
          gammafunk_ghost_grave, nzn_sisyphean_effort
D:13:     layout_roguey
D:14:     minmay_guarded_unrand_guard, layout_gridville,
          skrybe_vaults_entry_preservation, gauntlet_entry_generic,
          reono_crystal_passage
Temple:   compressed_dpeg_circular_temple
Lair:1:   layout_gridlike, nicolae_quartered_pool_super, grunt_megastairs_5
Orc:1:    layout_diamond_mine

Skill      XL: |  1  2  3  4  5  6  7  8  9 10 11 12 13 |
---------------+----------------------------------------+-----
Stealth        | 6 7 8 9 10 11 12 13 14 15 16 | 16.1
Short Blades   | 3 4 5 6 7 8 |  8.6
Dodging        | 2 3 5 7 8 9 |  9.7
Fighting       | 2 3 4 5 6 |  6.3
Throwing       | 3 4 7 8 9 11 12 | 12.7
Evocations     | 4 6 7 |  7.8
Shields        | 1 |  1.2
Ranged Weapons | 4 7 9 12 | 12.2
Invocations    | 1 |  1.2

Action                     |  1- 3 |  4- 6 |  7- 9 | 10-12 | 13-15 || total
---------------------------+-------+-------+-------+-------+-------++-------
  Melee: Dagger            |   122 |   212 |   379 |   640 |    87 ||  1440
         Punch             |     1 |     2 |       |    14 |     2 ||    19
   Fire: Shortbow          |       |       |       |    82 |       ||    82
         Arbalest          |       |       |       |    55 |   141 ||   196
         Hand crossbow     |       |       |       |       |    53 ||    53
  Throw: Dart              |       |    23 |    28 |   120 |    47 ||   218
         Boomerang         |       |    21 |    97 |   128 |     6 ||   252
         Throwing net      |       |       |       |     1 |       ||     1
         Stone             |       |       |       |       |     2 ||     2
 Invoke: Recall Undead Har |       |       |       |     3 |     1 ||     4
         Dark Bargain      |       |       |       |     5 |     1 ||     6
  Evoke: Wand              |       |       |    16 |    86 |     3 ||   105
    Use: Scroll            |       |       |       |     1 |    15 ||    16
         Potion            |       |       |       |     1 |     9 ||    10
   Stab: Sleeping          |    13 |    19 |    16 |    21 |     4 ||    73
         Distracted        |       |     2 |     3 |     4 |       ||     9
         Invisible         |       |       |       |     3 |     3 ||     6
 Armour: Robe              |    16 |    24 |    26 |    36 |     8 ||   110
  Dodge: Dodged            |    86 |   133 |   230 |   484 |   202 ||  1135
  Block: Buckler           |       |       |    52 |       |       ||    52
